 Dungeon Crawl Stone Soup version 0.28-a0-1235-g7c8fac35f0 (webtiles) character file.

Game seed: 7077808464876881810

3616869 rougesareth the Hoplite (level 27, 161/161 HPs)
             Began as a Vine Stalker Fighter on Dec 25, 2021.
             Was the Champion of Jiyva.
             Escaped with the Orb
             ... and 5 runes!
             The game lasted 02:13:03 (57645 turns).

rougesareth the Hoplite (Vine Stalker Fighter)     Turns: 57645, Time: 02:13:03

Health: 161/161    AC: 41    Str: 31    XL:     27
Magic:  47/47      EV: 11    Int:  5    God:    Jiyva [******]
Gold:   3477       SH: 29    Dex: 18    Spells: 64/64 levels left

rFire   + + +      SeeInvis .   N - +9 quick blade (elec)
rCold   + . .      Faith    .   p - +4 tower shield {AC+3}
rNeg    + . .      Spirit   +   x - +1 gold dragon scales
rPois   +          Reflect  .   (helmet restricted)
rElec   +          Harm     .   G - +2 cloak
rCorr   +          Rampage  .   X - +2 pair of gloves {infuse}
Will    +++++                   t - +1 pair of boots of Distant Worlds {rN+ Regen+ Slay+3}
Stlth   +.........              d - amulet of Departure {Acrobat rElec rPois Int-3}
HPRegen 3.56/turn               y - ring of protection from fire
MPRegen 0.80/turn               H - ring of Xom's Passing Interest {rPois rF+}

@: no status effects
A: fangs 3, regeneration 1, magic shield, antimagic bite, no potion heal 2,
claws 1, horns 2, iridescent scales 3, agile 1, strong-willed 2
0: Orb of Zot
}: 5/15 runes: decaying, slimy, silver, abyssal, gossamer
a: Renounce Religion, Oozemancy, Slimify


You escaped.
You worshipped Jiyva.
Jiyva was exalted by your worship.
You visited 11 branches of the dungeon, and saw 54 of its levels.
You visited the Abyss 2 times.
You visited 1 bazaar.
You also visited: Ossuary.

You collected 13901 gold pieces.
You spent 3044 gold pieces at shops.
You paid 7380 gold pieces to Gozag.

Inventory:

Hand Weapons
 N - a +9 quick blade of electrocution (weapon)
Missiles
 R - 4 throwing nets (quivered)
Armour
 p - a +4 tower shield of protection (worn)
 q - the +4 helmet of the Spider Nest {Rampage rN+ Slay+2}
   (You found it on level 3 of the Vaults)

   Slay:      It affects your accuracy & damage with ranged weapons and melee
   (+2).
   rN:        It protects you from negative energy.
   Rampage:   It bestows one free step when moving towards enemies.
 t - the +1 pair of boots of Distant Worlds (worn) {rN+ Regen+ Slay+3}
   (You bought it in a shop on level 12 of the Dungeon)

   Slay:      It affects your accuracy & damage with ranged weapons and melee
   (+3).
   rN:        It protects you from negative energy.
   Regen:     It increases your rate of health regeneration.
 u - the +5 shadow dragon scales of Enusuc {rF- Will+ Str+10 Int+3 Stlth++++}
   (You acquired it on level 3 of the Lair of Beasts)

   Str:       It affects your strength (+10).
   Int:       It affects your intelligence (+3).
   rF:        It makes you vulnerable to fire.
   Will:      It increases your willpower.
   Stlth:     It makes you much more stealthy.
 x - +1 gold dragon scales (worn)
 G - a +2 cloak (worn)
 X - a +2 pair of gloves of infusion (worn)
Jewellery
 b - a +6 ring of strength
 d - the amulet of Departure (around neck) {Acrobat rElec rPois Int-3}
   (You acquired it on level 12 of the Dungeon)

   [amulet of the acrobat]

   It increases your evasion while moving and waiting.
   Int:       It affects your intelligence (-3).
   rElec:     It insulates you from electricity.
   rPois:     It protects you from poison.
 y - a ring of protection from fire (left hand)
 H - the ring of Xom's Passing Interest (right hand) {rPois rF+}
   (You found it on level 5 of the Pits of Slime)

   [ring of poison resistance]

   rF:        It protects you from fire.
   rPois:     It protects you from poison.
 K - the amulet "Qawk" {RegenMP Harm rElec Dex-4 Slay+5}
   (You found it on level 3 of the Elven Halls)

   [amulet of magic regeneration]

   It increases your rate of magic regeneration.
   Dex:       It affects your dexterity (-4).
   Slay:      It affects your accuracy & damage with ranged weapons and melee
   (+5).
   rElec:     It insulates you from electricity.
   Harm:      It increases damage dealt and taken.
 P - the ring of Tygosy Rifu {Fly rN+ Int+4}
   (You found it on level 3 of the Depths)

   [ring of flight]

   Int:       It affects your intelligence (+4).
   rN:        It protects you from negative energy.
   Fly:       It grants you flight.
 Y - a ring of protection from fire
Wands
 a - a wand of charming (10)
 c - a wand of flame (10)
 n - a wand of iceblast (10)
 A - a wand of polymorph (4)
 C - a wand of digging (8)
 D - a wand of mindburst (14)
 I - a wand of paralysis (11)
 S - a wand of acid (9)
Scrolls
 f - 11 scrolls of fog
 g - 8 scrolls of fear
 h - a scroll of blinking
 i - 22 scrolls of teleportation
 l - a scroll of brand weapon
 s - 20 scrolls of identify
 v - 10 scrolls of immolation
 B - 10 scrolls of magic mapping
 O - 5 scrolls of amnesia
 Q - 5 scrolls of enchant weapon
 U - a scroll of summoning
Potions
 e - 4 potions of cancellation
 j - 3 potions of flight
 k - 8 potions of mutation
 m - 10 potions of brilliance
 o - 26 potions of curing
 w - 3 potions of magic
 z - 4 potions of haste
 E - 5 potions of berserk rage
 F - a potion of resistance
 J - 6 potions of invisibility
 T - 5 potions of ambrosia
 Z - a potion of might
Miscellaneous
 r - a phantom mirror
 M - a phial of floods
 V - a box of beasts


   Skills:
 + Level 22.2 Fighting
 - Level 14.0 Short Blades
 - Level 17.0 Armour
 - Level 9.2 Dodging
 - Level 21.8 Stealth
 - Level 25.0 Shields
 + Level 19.4 Spellcasting


You had 64 spell levels left.
You didn't know any spells.
Your spell library contained the following spells:

 Spells                   Type           Power      Damage    Failure   Level
 Animate Skeleton         Necr           8%         N/A       65%         1
 Apportation              Tloc           8%         N/A       65%         1
 Foxfire                  Conj/Fire      16%        2x1d4     65%         1
 Freeze                   Ice            16%        1d4       65%         1
 Slow                     Hex            16%        N/A       65%         1
 Sting                    Tmut/Pois      16%        1d3       65%         1
 Summon Small Mammal      Summ           16%        N/A       65%         1
 Call Imp                 Summ           4%         N/A       80%         2
 Corpse Rot               Necr/Air       8%         N/A       80%         2
 Poisonous Vapours        Pois/Air       8%         N/A       80%         2
 Scorch                   Fire           8%         2d5       80%         2
 Sublimation of Blood     Necr           4%         N/A       80%         2
 Call Canine Familiar     Summ           4%         N/A       95%         3
 Confusing Touch          Hex            4%         N/A       95%         3
 Conjure Flame            Conj/Fire      4%         6-21      95%         3
 Dazzling Flash           Conj/Hex       8%         N/A       95%         3
 Frozen Ramparts          Ice            8%         1d2       95%         3
 Gell's Gravitas          Tloc           4%         N/A       95%         3
 Ignite Poison            Fire/Tmut/Pois 4%         N/A       95%         3
 Inner Flame              Hex/Fire       4%         N/A       95%         3
 Mephitic Cloud           Conj/Pois/Air  4%         N/A       95%         3
 Portal Projectile        Hex/Tloc       8%         N/A       95%         3
 Summon Guardian Golem    Hex/Summ       4%         N/A       95%         3
 Teleport Other           Tloc           4%         N/A       95%         3
 Vampiric Draining        Necr           4%         2d6       95%         3
 Animate Armour           Summ/Erth      8%         N/A       100%        4
 Animate Dead             Necr           2%         N/A       100%        4
 Dispel Undead            Necr           4%         3d7       100%        4
 Flame Wave               Conj/Fire      4%         2d4       100%        4
 Fulminant Prism          Conj/Hex       2%         3d6       100%        4
 Hailstorm                Conj/Ice       4%         3d4       100%        4
 Ice Form                 Ice/Tmut       4%         N/A       100%        4
 Iskenderun's Mystic Bla  Conj/Tloc      4%         2d3       100%        4
 Leda's Liquefaction      Hex/Erth       2%         N/A       100%        4
 Olgreb's Toxic Radiance  Pois           4%         N/A       100%        4
 Passage of Golubria      Tloc           4%         N/A       100%        4
 Summon Ice Beast         Ice/Summ       4%         N/A       100%        4
 Agony                    Necr           4%         N/A       100%        5
 Alistair's Intoxication  Tmut/Pois      2%         N/A       100%        5
 Blade Hands              Tmut           2%         N/A       100%        5
 Borgnjor's Vile Clutch   Necr/Erth      2%         N/A       100%        5
 Excruciating Wounds      Necr           2%         N/A       100%        5
 Freezing Cloud           Conj/Ice/Air   2%         6-21      100%        5
 Metabolic Englaciation   Hex/Ice        2%         N/A       100%        5
 Silence                  Hex/Air        2%         N/A       100%        5
 Summon Forest            Summ/Tloc      2%         N/A       100%        5
 Yara's Violent Unravell  Hex/Tmut       2%         3d3       100%        5
 Death Channel            Necr           2%         N/A       100%        6
 Dispersal                Tloc           2%         N/A       100%        6
 Eringya's Noxious Bog    Tmut/Pois      2%         N/A       100%        6
 Iron Shot                Conj/Erth      2%         9d2       100%        6
 Starburst                Conj/Fire      2%         6d3       100%        6
 Summon Cactus Giant      Summ           2%         N/A       100%        6
 Summon Hydra             Summ           2%         N/A       100%        7
 Borgnjor's Revivificati  Necr           2%         N/A       100%        8
 Discord                  Hex            2%         N/A       100%        8
 Infestation              Necr           2%         N/A       100%        8
 Lehudib's Crystal Spear  Conj/Erth      2%         10d2      100%        8
 Maxwell's Capacitive Co  Air            2%         ∞         100%        8
 Necromutation            Tmut/Necr      2%         N/A       100%        8
 Death's Door             Necr           2%         N/A       100%        9


Dungeon Overview and Level Annotations

Branches:
Dungeon (15/15)            Temple (1/1) D:7            Lair (6/6) D:9
  Swamp (4/4) Lair:2       Spider (4/4) Lair:3        Slime (5/5) Lair:5
    Orc (2/2) D:10            Elf (3/3) Orc:2        Vaults (5/5) D:14
  Crypt (0/3) Vaults:3     Depths (4/4) D:15            Zot (5/5) Depths:4
Ossuary (visited)

Altars:
Ashenzari
Cheibriados
Dithmenos
Elyvilon
Fedhas
Gozag
Hepliaklqana
Kikubaaqudgha
Makhleb
Nemelex Xobeh
Okawaru
Qazlal
Ru
Sif Muna
Trog
Uskayaw
Vehumet
Wu Jian
Xom
Yredelemnul
Zin
The Shining One
Jiyva
Lugonu

Shops:
D:7 *   D:9 !   D:12 [   D:14 *   D:15 (   Orc:1 [   Orc:2 *?:[   Elf:2 [:
Lair:2 *   Lair:4 ?   Lair:5 *[?!=   Vaults:1 [(   Vaults:5 !!   Zot:1 *

Portals:
Hell: Depths:1 Depths:2 Depths:3 Depths:4
Abyss: Lair:6 Slime:1 Depths:1 Depths:2 Depths:3
Pandemonium: Orc:2 Depths:2
Ziggurat: Depths:1

Annotations:
Swamp:3 2 transporters, Fakli's ghost, journeyman DrWn
Slime:5 Royal Jelly


Innate Abilities, Weirdness & Mutations

You have razor-sharp teeth.
Your natural rate of healing is unusually fast.
When hurt, damage is shared between your health and your magic reserves.
Your bite disrupts and absorbs the magic of your enemies.
Potions cannot restore your health.
You have sharp fingernails.
You have a pair of horns on your head.
You are completely covered in iridescent scales. (AC +6)
You are agile. (Dex +2)
You are highly strong-willed. (Will++)


Message History

There is a stone staircase leading up here.
There is a stone staircase leading up here.
You climb upwards.
There is a stone staircase leading down here.
A red devil comes into view. It is wielding a +0 trident.
You can't go up here!
You block the red devil's attack.
You hit the red devil. You bite the red devil! You drain its power.
You feel invigorated.
The red devil is heavily wounded.
You block the red devil's attack.
You puncture the red devil! You bite the red devil.
You kill the red devil!
No target in view!
No target in view!
No target in view!
No target in view!
No target in view!
No target in view!
No target in view!
No target in view!
No target in view!
No target in view!
No target in view!
No target in view!
No target in view!
Magic restored.
There is an escape hatch in the ceiling here.
A mysterious force pulls you upwards. The hatch slams shut behind you.
There is a stone staircase leading up here.
You climb upwards.
There is a stone staircase leading down here.
There is a stone staircase leading up here.
You climb upwards.
There is a stone staircase leading down here.
There is a stone staircase leading up here.
You climb upwards.
There is a stone staircase leading down here.
There is a staircase leading out of the dungeon here.
You have escaped!

# #...####............# ######
#.####........##...######
##.####.##.....#.........###
#..##...######.#########...##
#.###.###≈≈≈≈♣.♣≈≈≈≈# ###..##
###.###...#≈.P.....P.≈# ##..##
....##...##≈PPP...PPP≈# #####..#
.......#.##♣.P.....P.♣####.....(.
...........≈....@....≈.....####.#
..........#♣.♣.......♣###### #..
........#.#≈♣♣♣......≈# ######.
........#.#≈.♣.......≈### #......
.......##.#≈...♣.♣...≈#.# #.##'##
#.......###≈≈≈≈♣.♣≈≈≈≈#.###.#.)..
#.......# ######.######.....#....
#.......# #........##..#....
##.....## ###########..#....


There were no monsters in sight!

Vanquished Creatures
  10 dread liches
  An ancient lich (Zot:5)
  Mara (Vaults:5)
  4 orbs of fire
  A juggernaut (Depths:3)
  A pandemonium lord (Zot:1)
  Boris (Depths:4)
  3 Killer Klowns (Zot:5)
  A curse toe (Zot:5)
  3 shard shrikes (Zot:2)
  Saint Roka (Elf:2)
  A caustic shrike (Depths:3)
  12 golden dragons
  5 bone dragons
  A profane servitor (Abyss:4)
  the Enchantress (Depths:2)
  3 electric golems
  2 walking crystal tomes (Depths:3)
  A Hell Sentinel (D:8)
  4 liches
  2 hellephants (Vaults:3)
  2 deep elf blademasters (Elf:3)
  15 tentacled monstrosities
  A walking earthen tome (Depths:3)
  27 Orb Guardians
  8 quicksilver dragons
  7 titans
  6 death cobs
  2 deep elf master archers (Elf:3)
  A walking divine tome (Depths:3)
  10 tentacled starspawn
  An Executioner (Abyss:4)
  5 sphinxes
  A thorn hunter (Abyss:4)
  7 tengu reavers
  10 shadow dragons
  20 storm dragons
  2 daevas
  A fenstrider witch (Swamp:4)
  11 fire giants
  7 draconian knights
  8 draconian monks
  12 vault wardens
  7 ghost moths
  2 iron dragons
  Louise (Depths:3)
  4 emperor scorpions
  2 deep elf sorcerers (Elf:3)
  4 balrugs
  2 angels (Elf:1)
  17 frost giants
  A cacodemon (Abyss:3)
  6 draconian scorchers
  11 draconian annihilators
  A demonspawn corrupter (Zot:1)
  A caustic shrike zombie (Abyss:4)
  33 very ugly things
  6 draconian shifters
  9 deep elf elementalists
  2 reapers
  14 ironbound preservers
  4 war gargoyles
  A demonspawn blood saint (Zot:5)
  6 caustic shrike skeletons (Depths:2)
  7 spriggan defenders
  7 draconian stormcallers
  9 stone giants
  7 ironbound thunderhulks
  2 demonspawn black suns
  2 lorocyprocas
  3 vampire knights
  7 eleionomae
  20 green draconians
  4 deep elf annihilators (Elf:3)
  8 deep elf demonologists
  Azrael (D:13)
  15 white draconians
  9 dire elephants
  27 starcursed masses
  A bunyip (Swamp:4)
  3 spark wasps
  18 red draconians
  3 entropy weavers
  16 purple draconians
  8 yellow draconians
  12 black draconians
  An eidolon (Abyss:4)
  A blizzard demon (Depths:1)
  A crystal guardian (Vaults:2)
  7 deep elf death magi
  5 jiangshi
  5 green deaths
  5 fire dragons
  9 ettins
  11 ice dragons
  A shambling mangrove (Swamp:1)
  A spriggan zombie (Abyss:2)
  A merfolk javelineer (Depths:1)
  A deep elf high priest (Elf:3)
  3 peacekeepers
  31 vault guards
  16 yaktaur captains
  3 demonspawn (Orc:2)
  7 ironbound frosthearts
  2 ghost crabs (Swamp:1)
  11 hydras
  3 rakshasas
  A naga warrior (Abyss:3)
  Fannar (Lair:3)
  5 hell beasts
  6 boulder beetles
  3 ogre magi
  2 catoblepae
  10 two-headed ogres
  6 centaur warriors
  6 alligators
  6 spriggan air magi
  25 dancing weapons
  8 tengu warriors
  A satyr (Abyss:4)
  24 death yaks
  9 spriggan berserkers
  10 hell hogs
  3 vampire magi
  2 deep troll earth magi (Vaults:5)
  Urug (Lair:5)
  18 thrashing horrors
  5 soul eaters
  5 orc high priests (Orc:2)
  12 sun demons
  14 hell knights
  17 deep elf knights
  2 shadow wraiths (Abyss:4)
  3 sixfirhies
  5 wretched stars (Abyss:4)
  An iron troll (Depths:1)
  6 spatial maelstroms (Abyss:4)
  A shadow demon (D:9)
  3 goliath frogs
  11 spriggan druids
  47 deep trolls
  A death drake (shapeshifter) (D:15)
  A death drake (Swamp:4)
  6 orc knights
  A lindwurm (shapeshifter) (D:15)
  8 bog bodies
  7 harpies
  10 lindwurms
  23 deep elf pyromancers
  An orange crystal statue (Zot:5)
  4 phantasmal warriors
  A wolf spider zombie (D:15)
  15 ironbound convokers
  7 wizards
  3 deep elf archers
  22 deep elf zephyrmancers
  Pikel (D:7)
  5 swamp dragons
  10 orc sorcerers
  11 orb spiders
  7 necromancers
  An oklob plant (Lair:5)
  40 ugly things
  5 will-o-the-wisps
  9 slime creatures
  An orb spider (shapeshifter) (D:13)
  3 cyclopes
  19 wolf spiders
  3 manticores
  2 worldbinders (Abyss:4)
  23 moths of wrath
  3 elephants (Lair:6)
  A guardian serpent (shapeshifter) (D:14)
  2 rust devils
  A black mamba (shapeshifter) (Abyss:4)
  7 black mambas
  13 vault sentinels
  3 torpor snails
  A guardian serpent (Abyss:4)
  14 cane toads
  3 apocalypse crabs (Abyss:4)
  10 smoke demons
  An unseen horror (Abyss:2)
  Joseph (D:10)
  A hellion (Abyss:4)
  5 orange demons
  3 rime drakes
  Maggie (D:6)
  A kobold demonologist (D:12)
  11 komodo dragons
  16 yaktaurs
  2 tormentors
  5 efreet
  3 freezing wraiths
  2 ice devils
  A rime drake (shapeshifter) (D:14)
  10 ancient zymes
  24 demonic crawlers
  7 tengu conjurers
  A red devil (D:5)
  4 trolls
  6 meliai
  32 jumping spiders
  5 polar bears
  32 blink frogs
  12 raiju
  Prince Ribbit (D:5)
  11 dream sheep (Lair:4)
  A harpy skeleton (Abyss:2)
  7 tyrant leeches
  30 hornets
  A raiju (shapeshifter) (Abyss:4)
  24 large abominations
  16 tarantellas
  63 redbacks
  Sigmund (D:3)
  4 shadows
  A tarantella (shapeshifter) (Elf:2)
  2 air elementals (Elf:2)
  47 spriggans
  2 water elementals
  2 wyverns
  A vampire (D:9)
  An ettin skeleton (Vaults:1)
  10 ynoxinuls
  6 wraiths
  31 yaks
  12 basilisks
  5 fire elementals
  3 neqoxecs
  18 vampire mosquitoes
  11 chaos spawn
  Menkaure (D:5)
  18 swamp worms
  A warg (shapeshifter) (Lair:6)
  3 hydra simulacra
  7 spatial vortices
  11 water moccasins
  2 acid dragons
  2 wargs
  3 hell hounds (D:13)
  A naga zombie (Abyss:3)
  4 swamp drakes
  A black bear (D:7)
  An ettin simulacrum (Abyss:4)
  2 hornet zombies
  An ice beast (D:7)
  A sky beast (D:6)
  39 orc warriors
  2 necrophages
  7 ogres
  2 boggarts
  11 centaurs
  Blork the orc (D:5)
  A kobold brigand (D:6)
  12 bullfrogs
  A wyvern zombie (D:6)
  An earth elemental (Elf:3)
  2 gnoll sergeants
  A human skeleton (Vaults:1)
  A scorpion (D:6)
  27 small abominations
  A killer bee (D:4)
  An electric eel (Spider:3)
  5 wights
  5 howler monkeys
  3 bullfrog zombies
  4 centaur zombies
  3 quasits (Abyss:4)
  4 iron imps
  2 jellies
  2 hounds
  2 gnoll shamans (D:7)
  22 orc priests
  A bullfrog skeleton (D:5)
  4 centaur skeletons
  3 iguanas
  12 orc wizards
  16 hell rats
  A hound skeleton (D:4)
  13 mummies (Ossuary)
  2 howler monkey zombies
  Robin (D:3)
  19 gnolls
  A howler monkey skeleton (D:7)
  2 adders (D:2)
  5 white imps
  2 ufetubi
  An adder skeleton (D:4)
  A worm (D:2)
  2 dart slugs (D:1)
  72 orcs
  6 ball pythons
  An endoplasm (D:1)
  A giant cockroach (D:2)
  14 goblins
  10 hobgoblins
  8 kobolds
  A bat (D:1)
  6 frilled lizards
  3 gnoll skeletons (Ossuary)
  3 kobold skeletons (Ossuary)
  2 orc skeletons (Ossuary)
  4 rats
  11 rat skeletons (Ossuary)
  A lurking horror (Abyss:4)
  2 starspawn tentacles (Abyss:3)
2207 creatures vanquished.

Vanquished Creatures (collateral kills)
  An Orb Guardian (Zot:5)
  A draconian knight (Zot:2)
  A green draconian (Zot:2)
  A merfolk javelineer (Abyss:4)
4 creatures vanquished.

Vanquished Creatures (others)
  An Orb Guardian (Zot:5)
  A draconian knight (Zot:4)
  A deep elf sorcerer (Elf:3)
  A minotaur (shapeshifter) (Vaults:5)
  A bunyip (shapeshifter) (Vaults:5)
  5 great orbs of eyes
  A hydra (Swamp:4)
  A spriggan druid (Swamp:1)
  6 glowing orange brains
  A goliath frog (Swamp:1)
  A swamp dragon (Swamp:4)
  2 wizards (Vaults:3)
  3 lindwurms
  An ugly thing (Vaults:3)
  2 shining eyes (Abyss:4)
  2 deep elf zephyrmancers (Elf:3)
  An orc sorcerer (Elf:3)
  An eye of devastation (Abyss:4)
  An orange demon (Swamp:4)
  4 bloated husks
  33 slime creatures
  2 ynoxinuls (Abyss:4)
  A spriggan (Swamp:1)
  A golden eye (shapeshifter) (Abyss:3)
  5 golden eyes (Abyss:4)
  A floating eye (Depths:3)
  A spatial vortex (Abyss:4)
  A naga (Abyss:3)
  A swamp worm (Swamp:1)
  4 large abominations
  2 boggarts (Vaults:1)
  11 small abominations
  A glowing shapeshifter simulacrum (Vaults:1)
  An earth elemental (Abyss:4)
  271 jellies
  3 bushes (Abyss:3)
  17 foxfires
  10 fungi
  A lurking horror (Slime:1)
  33 plants
  9 starspawn tentacles
  8 toadstools (D:1)
  2 withered plants (D:3)
456 creatures vanquished.

Grand Total: 2667 creatures vanquished

Notes
Turn   | Place    | Note
-------+----------+-------------------------------------------
     0 | D:1      | rougesareth the Vine Stalker Fighter began the quest for
                  | the Orb.
     0 | D:1      | Reached XP level 1. HP: 11/11 MP: 2/2
   175 | D:1      | Reached XP level 2. HP: 7/16 MP: 3/3
   793 | D:1      | Found a faded altar of an unknown god.
   909 | D:2      | Reached XP level 3. HP: 14/19 MP: 4/4
  1112 | D:2      | Reached skill level 3 in Shields
  1814 | D:3      | Gained mutation: Your natural rate of healing is unusually
                  | fast. [Vine Stalker growth]
  1814 | D:3      | Reached XP level 4. HP: 24/24 MP: 5/5
  1930 | D:3      | Noticed Robin
  1931 | D:3      | Noticed Sigmund
  1995 | D:3      | Killed Sigmund
  1996 | D:3      | Reached XP level 5. HP: 28/28 MP: 6/6
  1996 | D:3      | Reached XP level 6. HP: 32/32 MP: 7/7
  2006 | D:3      | Killed Robin
  2025 | D:3      | Found an ancient bone altar of Kikubaaqudgha.
  2329 | D:4      | Noticed a necrophage
  2869 | D:4      | Killed a necrophage
  2870 | D:4      | Reached XP level 7. HP: 37/37 MP: 8/8
  3382 | D:5      | Entered Level 5 of the Dungeon
  3391 | D:5      | Reached skill level 4 in Shields
  3521 | D:5      | Noticed Blork the orc
  3540 | D:5      | Killed Blork the orc
  3541 | D:5      | Reached skill level 5 in Short Blades
  3545 | D:5      | Found a sand-covered staircase.
  3553 | Ossuary  | Entered an ossuary
  3814 | Ossuary  | Gained mutation: You have razor-sharp teeth. [Vine Stalker
                  | growth]
  3814 | Ossuary  | Reached XP level 8. HP: 33/42 MP: 9/9
  4388 | D:6      | Noticed Menkaure
  4388 | D:6      | Noticed Prince Ribbit
  4411 | D:5      | Killed Menkaure
  4412 | D:5      | Reached skill level 5 in Fighting
  4433 | D:5      | Killed Prince Ribbit
  4668 | D:6      | Reached skill level 5 in Armour
  4711 | D:6      | Reached XP level 9. HP: 47/47 MP: 10/10
  4926 | D:6      | Noticed Maggie
  4939 | D:6      | Killed Maggie
  5202 | D:7      | Found a burning altar of Makhleb.
  5243 | D:7      | Found a staircase to the Ecumenical Temple.
  5257 | D:7      | Identified the +1 leather armour of Neewkava {Int+5}
  5263 | Temple   | Entered the Ecumenical Temple
  5355 | Temple   | Became a worshipper of Gozag Ym Sagoz the Greedy
  5455 | D:7      | Noticed Pikel
  5473 | D:7      | Killed Pikel
  5573 | D:7      | Found Dyenoeg's Assorted Antiques.
  5960 | D:8      | Reached XP level 10. HP: 42/53 MP: 11/11
  7064 | D:9      | Found a staircase to the Lair.
  7205 | D:9      | Found Taje's Distillery.
  7244 | D:9      | Bought a potion of mutation for 120 gold pieces
  7389 | D:9      | Noticed a two-headed ogre
  7399 | D:9      | Killed a two-headed ogre
  7476 | D:9      | Found a broken altar of Ashenzari.
  7532 | D:9      | Reached skill level 10 in Short Blades
  7616 | D:9      | Found a blossoming altar of Fedhas.
  7825 | D:10     | Entered Level 10 of the Dungeon
  7999 | D:10     | Found a staircase to the Orcish Mines.
  8050 | D:10     | Noticed Joseph
  8063 | D:10     | Killed Joseph
  8064 | D:10     | Reached XP level 11. HP: 47/60 MP: 10/12
  8318 | D:10     | Found an iron altar of Okawaru.
  8319 | D:10     | Found a radiant altar of Vehumet.
  8825 | D:11     | Identified the +6 trident of Neurosis {freeze, rCorr}
  8857 | D:11     | Noticed a boulder beetle
  8973 | D:11     | Killed a boulder beetle
  9026 | D:11     | Noticed a cyclops
  9039 | D:11     | Killed a cyclops
  9091 | D:11     | Noticed a manticore
  9104 | D:11     | Killed a manticore
  9318 | D:11     | Noticed a boulder beetle
  9403 | D:11     | Killed a boulder beetle
  9892 | Lair:1   | Entered Level 1 of the Lair of Beasts
 10273 | Lair:1   | Reached XP level 12. HP: 50/66 MP: 11/13
 10756 | Lair:2   | Found a staircase to the Swamp.
 10766 | Lair:2   | Noticed a death yak
 10776 | Lair:2   | Noticed a death yak
 10796 | Lair:2   | Noticed a death yak
 10842 | Lair:2   | Bought a shiny helmet for 277 gold pieces
 10889 | Lair:2   | Killed a death yak
 10903 | Lair:2   | Killed a death yak
 10919 | Lair:2   | Killed a death yak
 11286 | Lair:2   | Found a broken altar of Ashenzari.
 11924 | Lair:3   | Noticed a death yak
 11924 | Lair:3   | Noticed a death yak
 11924 | Lair:3   | Noticed a death yak
 11924 | Lair:3   | Noticed a death yak
 12097 | Lair:3   | Reached skill level 10 in Fighting
 12133 | Lair:3   | Identified 3 scrolls of acquirement
 12134 | Lair:3   | Acquired a +7 quick blade
 12138 | Lair:3   | Acquired 685 gold pieces
 12139 | Lair:3   | Acquired 761 gold pieces
 12194 | Lair:3   | Noticed Fannar
 12221 | Lair:3   | Killed Fannar
 12274 | Lair:3   | Reached skill level 1 in Dodging
 12275 | Lair:3   | Found a hole to the Spider Nest.
 12431 | Lair:3   | Killed a death yak
 12432 | Lair:3   | Reached XP level 13. HP: 50/72 MP: 14/14
 12815 | Lair:3   | Reached skill level 10 in Armour
 13447 | Lair:4   | Bought a scroll of summoning for 95 gold pieces
 13447 | Lair:4   | Bought a scroll of acquirement for 520 gold pieces
 14105 | Lair:4   | Reached skill level 1 in Spellcasting
 14156 | Lair:4   | You fall into a shaft and drop 2 floors!
 14156 | Lair:6   | Entered Level 6 of the Lair of Beasts
 14537 | Lair:6   | Reached XP level 14. HP: 65/79 MP: 18/20
 14596 | Lair:6   | Found a corrupted altar of Lugonu.
 14596 | Lair:6   | Found a one-way gate to the infinite horrors of the Abyss.
 14832 | Lair:6   | Reached skill level 5 in Spellcasting
 15603 | Lair:6   | Acquired the +5 shadow dragon scales of Enusuc {rF- Will+
                  | Str+10 Int+3 Stlth++++}
 15731 | Lair:5   | Found a staircase to the Slime Pits.
 15732 | Lair:5   | Found a viscous altar of Jiyva.
 15745 | Lair:5   | Identified the +7 halberd of the Countless Visions {flame,
                  | Str+2 SInv}
 15790 | Lair:5   | Reached skill level 1 in Stealth
 15882 | Lair:5   | Noticed Urug
 15895 | Lair:5   | Killed Urug
 16297 | Lair:5   | Found a dark tunnel.
 16995 | D:12     | Acquired the amulet of Departure {Acrobat rElec rPois
                  | Int-3}
 17113 | D:12     | Found Lovistef's Antique Armour Shoppe.
 17246 | D:12     | Reached skill level 5 in Stealth
 17794 | D:12     | Bought a pair of warped boots for 256 gold pieces
 17794 | D:12     | Identified the +1 pair of boots of Distant Worlds {rN+
                  | Regen+ Slay+3} (You bought it in a shop on level 12 of the
                  | Dungeon)
 18076 | D:13     | Reached XP level 15. HP: 63/86 MP: 15/24
 18231 | D:13     | Noticed Azrael
 18245 | D:13     | Killed Azrael
 18467 | D:14     | Found a gate to the Vaults.
 18967 | D:14     | Found Ypnoann's Assorted Antiques.
 19087 | D:15     | Entered Level 15 of the Dungeon
 19233 | D:15     | Found Wuxecs's Antique Weapon Shoppe.
 19394 | D:15     | Reached skill level 10 in Stealth
 19507 | D:15     | Found a staircase to the Depths.
 19956 | Orc:1    | Entered Level 1 of the Orcish Mines
 20019 | Orc:1    | Found Okiew's Armour Shoppe.
 20508 | Orc:2    | Entered Level 2 of the Orcish Mines
 20633 | Orc:2    | Found Xapraiq's General Store.
 20635 | Orc:2    | Found Cevvojan's Magic Scroll Shoppe.
 20770 | Orc:2    | Bought a potion of mutation for 104 gold pieces
 20773 | Orc:2    | Bought a scroll of teleportation for 48 gold pieces
 20783 | Orc:2    | Found a staircase to the Elven Halls.
 20919 | Orc:2    | Reached skill level 15 in Fighting
 21112 | Orc:2    | Reached XP level 16. HP: 95/95 MP: 25/25
 21298 | Orc:2    | Found Kemun's Antique Armour Boutique.
 21298 | Orc:2    | Found a one-way gate leading to the halls of Pandemonium.
 21298 | Orc:2    | Found Sarampok's Book Shop.
 21314 | Orc:2    | Bought a pair of embroidered gloves for 157 gold pieces
 21617 | Spider:1 | Entered Level 1 of the Spider Nest
 22607 | Spider:3 | Reached skill level 15 in Stealth
 23123 | Spider:3 | Reached XP level 17. HP: 94/102 MP: 26/26
 23505 | Spider:3 | Got the Disquisition on the Escort and Darkness
 23643 | Spider:4 | Entered Level 4 of the Spider Nest
 24262 | Spider:4 | Identified the +0 pair of boots of Distant Worlds {Will+++
                  | Dex-5}
 24839 | Spider:4 | Got a gossamer rune of Zot
 25049 | Lair:5   | Bought a potion of mutation for 136 gold pieces
 25049 | Lair:5   | Bought a potion of haste for 170 gold pieces
 25055 | Lair:5   | Bought a pair of runed gloves for 255 gold pieces
 25070 | Lair:5   | Bought a potion of invisibility for 136 gold pieces
 25072 | Lair:5   | Fell from the grace of Gozag
 25072 | Lair:5   | Became a worshipper of Jiyva Jore the Shapeless
 25143 | Swamp:1  | Entered Level 1 of the Swamp
 25225 | Swamp:1  | Found a frozen archway.
 25303 | Swamp:1  | Reached * piety under Jiyva
 25937 | Swamp:2  | Got Bixeag's Grimoire of Enthralling Snow
 25942 | Swamp:2  | Reached ** piety under Jiyva
 26169 | Swamp:2  | Identified the +0 chain mail of the Evening Star {Drain rF+
                  | Int+2 Stlth+}
 26312 | Swamp:3  | Reached *** piety under Jiyva
 26440 | Swamp:3  | Reached XP level 18. HP: 60/108 MP: 19/32
 26447 | Swamp:3  | Noticed a hellephant
 26494 | Swamp:3  | Gained mutation: You have sharp toenails. [Jiyva's grace]
 26494 | Swamp:3  | Gained mutation: You have razor-sharp toenails. [Jiyva's
                  | grace]
 26494 | Swamp:3  | Gained mutation: You have claws for feet. [Jiyva's grace]
 26494 | Swamp:3  | Gained mutation: Your translucent skin slightly reduces
                  | your foes' accuracy. (Stealth+) [Jiyva's grace]
 26645 | Swamp:3  | Noticed Fakli's ghost (journeyman DrWn)
 26649 | Swamp:3  | Found a transporter.
 26719 | Swamp:3  | Found a transporter.
 26910 | Swamp:4  | Entered Level 4 of the Swamp
 27004 | Swamp:4  | Reached **** piety under Jiyva
 27161 | Swamp:4  | Reached skill level 10 in Spellcasting
 27226 | Swamp:4  | Got a decaying rune of Zot
 28072 | Vaults:1 | Entered Level 1 of the Vaults
 28083 | Vaults:1 | Found Hurufor's Antique Armour Shoppe.
 28952 | Vaults:1 | Gained mutation: You have supernaturally acute eyesight.
                  | (SInv) [Jiyva's grace]
 28952 | Vaults:1 | Gained mutation: A frigid envelope surrounds you and
                  | freezes all who hurt you. [Jiyva's grace]
 28952 | Vaults:1 | Gained mutation: You have a pair of small horns on your
                  | head. [Jiyva's grace]
 28952 | Vaults:1 | Gained mutation: You have a pair of horns on your head.
                  | [Jiyva's grace]
 28960 | Vaults:1 | Reached ***** piety under Jiyva
 29179 | Vaults:1 | Found Huwid's Weapon Shoppe.
 29716 | Vaults:2 | Reached XP level 19. HP: 85/115 MP: 34/36
 31190 | Vaults:3 | Was forgiven by Gozag
 31293 | Vaults:3 | Noticed a dread lich
 31304 | Vaults:3 | Killed a dread lich
 31346 | Vaults:3 | Identified the +4 helmet of the Spider Nest {Rampage rN+
                  | Slay+2}
 31617 | Vaults:3 | Reached ****** piety under Jiyva
 31630 | Vaults:3 | Lost mutation: You have claws for feet. [Jiyva's grace]
 31630 | Vaults:3 | Lost mutation: You have supernaturally acute eyesight.
                  | (SInv) [Jiyva's grace]
 31630 | Vaults:3 | Lost mutation: Your translucent skin slightly reduces your
                  | foes' accuracy. (Stealth+) [Jiyva's grace]
 31630 | Vaults:3 | Gained mutation: You are partially covered in iridescent
                  | scales. (AC +2) [Jiyva's grace]
 31630 | Vaults:3 | Gained mutation: You are mostly covered in iridescent
                  | scales. (AC +4) [Jiyva's grace]
 31630 | Vaults:3 | Gained mutation: You are completely covered in iridescent
                  | scales. (AC +6) [Jiyva's grace]
 31630 | Vaults:3 | Gained mutation: You are covered in slimy tendrils that may
                  | disarm your opponents. [Jiyva's grace]
 31699 | Vaults:3 | Found a staircase to the Crypt.
 32534 | Vaults:4 | Reached skill level 5 in Shields
 32611 | Vaults:4 | Found a huge runed gate.
 32614 | Vaults:4 | Found a huge runed gate.
 32614 | Vaults:4 | Found a huge runed gate.
 32619 | Vaults:4 | Reached XP level 20. HP: 123/123 MP: 37/39
 32650 | Vaults:4 | Found a huge runed gate.
 32650 | Vaults:4 | Found a huge runed gate.
 32652 | Vaults:4 | Found a huge runed gate.
 32653 | Vaults:4 | Found a huge runed gate.
 32653 | Vaults:4 | Found a huge runed gate.
 32654 | Vaults:4 | Found a huge runed gate.
 32654 | Vaults:4 | Found a huge runed gate.
 32655 | Vaults:4 | Found a huge runed gate.
 32656 | Vaults:4 | Found a huge runed gate.
 32659 | Vaults:4 | Found a huge runed gate.
 32660 | Vaults:4 | Found a huge runed gate.
 32661 | Vaults:4 | Found a huge runed gate.
 32662 | Vaults:4 | Found a huge runed gate.
 32674 | Vaults:4 | Found a huge runed gate.
 32674 | Vaults:4 | Found a huge runed gate.
 32674 | Vaults:4 | Found a huge runed gate.
 32674 | Vaults:4 | Found a huge runed gate.
 32674 | Vaults:4 | Found a huge runed gate.
 32674 | Vaults:4 | Found a huge runed gate.
 32680 | Vaults:4 | Found a huge runed gate.
 32690 | Vaults:4 | Reached skill level 6 in Shields
 32700 | Vaults:4 | Found a huge runed gate.
 32725 | Vaults:4 | Found a huge runed gate.
 32733 | Vaults:4 | Found a huge runed gate.
 32733 | Vaults:4 | Found a huge runed gate.
 32733 | Vaults:4 | Found a huge runed gate.
 32733 | Vaults:4 | Found a huge runed gate.
 32733 | Vaults:4 | Found a huge runed gate.
 32733 | Vaults:4 | Found a huge runed gate.
 32734 | Vaults:4 | Found a huge runed gate.
 32735 | Vaults:4 | Found a huge runed gate.
 32736 | Vaults:4 | Found a huge runed gate.
 32744 | Vaults:4 | Found a huge runed gate.
 32744 | Vaults:4 | Found a huge runed gate.
 33037 | Vaults:4 | Found a flickering gateway to a bazaar.
 33119 | Bazaar   | Entered a bazaar
 33123 | Bazaar   | Found Zofucrea's Distillery.
 33140 | Bazaar   | Found Zohi's Jewellery Emporium.
 33151 | Bazaar   | Found Reth's Distillery.
 33176 | Bazaar   | Found Hukk's Antique Armour Boutique.
 33318 | Vaults:4 | Reached skill level 7 in Shields
 33496 | Vaults:4 | Lost mutation: You have razor-sharp toenails. [Jiyva's
                  | grace]
 33496 | Vaults:4 | Lost mutation: You are completely covered in iridescent
                  | scales. (AC +6) [Jiyva's grace]
 33496 | Vaults:4 | Lost mutation: A frigid envelope surrounds you and freezes
                  | all who hurt you. [Jiyva's grace]
 33496 | Vaults:4 | Gained mutation: Your melee attacks may engulf your foes in
                  | ooze. [Jiyva's grace]
 33496 | Vaults:4 | Gained mutation: You have a pair of large horns on your
                  | head. [Jiyva's grace]
 33496 | Vaults:4 | Gained mutation: You have razor-sharp toenails. [Jiyva's
                  | grace]
 33496 | Vaults:4 | Gained mutation: You have claws for feet. [Jiyva's grace]
 33637 | Vaults:4 | Noticed a hellephant
 33637 | Vaults:4 | Noticed a hellephant
 33712 | Vaults:3 | Killed a hellephant
 33839 | Vaults:3 | Killed a hellephant
 34223 | Slime:1  | Entered Level 1 of the Pits of Slime
 34304 | Slime:1  | Found a corrupted altar of Lugonu.
 34956 | Slime:5  | Entered Level 5 of the Pits of Slime
 35132 | Slime:5  | Found a viscous altar of Jiyva.
 35133 | Slime:5  | Noticed the Royal Jelly
 35136 | Slime:5  | Identified the ring of the Quahog {Str+3 Int+6}
 35140 | Slime:5  | Got a slimy rune of Zot
 35148 | Slime:5  | Identified the ring of Xom's Passing Interest {rPois rF+}
 35150 | Slime:5  | Identified the amulet "Qelak" {Faith SInv}
 35157 | Slime:5  | Identified the +1 ring mail of the Mantidfly {Str+4}
 35160 | Slime:5  | Identified the +1 leather armour of the Great Game {Int+2}
 35298 | Slime:5  | Identified the +10 morningstar of Kezal {freeze, *Slow
                  | rElec Will++}
 35895 | Elf:1    | Entered Level 1 of the Elven Halls
 35996 | Elf:1    | Reached skill level 8 in Shields
 36023 | Elf:1    | Got Vykhlu's Guide on Companions
 36032 | Elf:1    | Lost mutation: You have a pair of large horns on your head.
                  | [Jiyva's grace]
 36032 | Elf:1    | Lost mutation: You have claws for feet. [Jiyva's grace]
 36032 | Elf:1    | Lost mutation: You are covered in slimy tendrils that may
                  | disarm your opponents. [Jiyva's grace]
 36032 | Elf:1    | Gained mutation: You are agile. (Dex +2) [Jiyva's grace]
 36032 | Elf:1    | Gained mutation: You are very agile. (Dex +4) [Jiyva's
                  | grace]
 36032 | Elf:1    | Gained mutation: Armour fits poorly on your pseudopods.
                  | [Jiyva's grace]
 36032 | Elf:1    | Gained mutation: Armour fits poorly on your large
                  | pseudopods. [Jiyva's grace]
 36213 | Elf:1    | Found a white marble altar of Elyvilon.
 36384 | Elf:1    | Found a crumbling gateway.
 36386 | Elf:1    | Found a glowing golden altar of the Shining One.
 36386 | Elf:1    | Found a glowing silver altar of Zin.
 36599 | Elf:2    | Noticed Saint Roka
 36633 | Elf:2    | Killed Saint Roka
 36921 | Elf:2    | Reached skill level 9 in Shields
 36926 | Elf:2    | Found Anysyvy's Book Emporium.
 36931 | Elf:2    | Found Uproefez's Antique Armour Emporium.
 37094 | Elf:2    | Found a runed translucent gate.
 37094 | Elf:2    | Found a runed translucent gate.
 37094 | Elf:2    | Found a runed translucent gate.
 37363 | Elf:2    | Lost mutation: You have razor-sharp toenails. [Jiyva's
                  | grace]
 37363 | Elf:2    | Lost mutation: You are mostly covered in iridescent scales.
                  | (AC +4) [Jiyva's grace]
 37363 | Elf:2    | Lost mutation: You are partially covered in iridescent
                  | scales. (AC +2) [Jiyva's grace]
 37363 | Elf:2    | Lost mutation: You are very agile. (Dex +4) [Jiyva's grace]
 37363 | Elf:2    | Lost mutation: Armour fits poorly on your large pseudopods.
                  | [Jiyva's grace]
 37363 | Elf:2    | Gained mutation: You possess an exceptional clarity of
                  | mind. [Jiyva's grace]
 37363 | Elf:2    | Gained mutation: You are partially covered in iridescent
                  | scales. (AC +2) [Jiyva's grace]
 37363 | Elf:2    | Gained mutation: You are mostly covered in iridescent
                  | scales. (AC +4) [Jiyva's grace]
 37363 | Elf:2    | Gained mutation: You are completely covered in iridescent
                  | scales. (AC +6) [Jiyva's grace]
 37465 | Elf:2    | Reached XP level 21. HP: 127/128 MP: 38/40
 37722 | Elf:2    | Identified the +8 fustibalus of Nucleih {freeze, Drain rF+
                  | Will++ Int+3 Dex+4}
 37731 | Elf:3    | Entered Level 3 of the Elven Halls
 37859 | Elf:3    | Identified the +9 spear "Xoin" {flame, rN+ MP+9}
 37865 | Elf:3    | Reached skill level 10 in Shields
 38095 | Elf:3    | Cast into level 3 of the Abyss (a deep elf sorcerer)
 38256 | Abyss:3  | Noticed a bone dragon
 38272 | Abyss:3  | Killed a bone dragon
 38303 | Abyss:3  | Reached skill level 11 in Shields
 38364 | Abyss:3  | Noticed an ancient lich
 38374 | Elf:3    | Escaped the Abyss
 38504 | Elf:3    | Identified the +9 great mace "Hidghomi" {venom, Int+3}
 38528 | Elf:3    | Reached skill level 15 in Armour
 38557 | Elf:3    | Identified the +4 hand axe of Humyaz {freeze, Will++ Str+2
                  | Dex+3}
 38617 | Elf:3    | Identified the +12 dire flail of a treasure trove {drain,
                  | rElec}
 38935 | Elf:3    | Got Sufuqellol's Incunabulum of the Doomed Blaze
 39039 | Elf:3    | Found the +8 whip "Snakebite" {venom, curare, rPois}
 39044 | Elf:3    | Identified the amulet "Qawk" {RegenMP Harm rElec Dex-4
                  | Slay+5}
 39367 | Vaults:5 | Entered Level 5 of the Vaults
 39379 | Vaults:4 | Reached skill level 12 in Shields
 39469 | Vaults:5 | Noticed a dread lich
 39580 | Vaults:5 | Noticed a dread lich
 39592 | Vaults:4 | Killed a dread lich
 39706 | Vaults:5 | Killed a dread lich
 39707 | Vaults:5 | Reached skill level 13 in Shields
 39713 | Vaults:5 | Noticed a golden dragon
 39742 | Vaults:5 | Noticed a dread lich
 39748 | Vaults:4 | Reached XP level 22. HP: 118/133 MP: 39/41
 39750 | Vaults:4 | Killed a golden dragon
 39813 | Vaults:4 | Killed a dread lich
 39814 | Vaults:4 | Reached skill level 14 in Shields
 40027 | Vaults:5 | Reached skill level 15 in Shields
 40208 | Vaults:5 | Noticed Mara
 40220 | Vaults:5 | Killed Mara
 40395 | Vaults:5 | Found Cekienwu's Distillery.
 40413 | Vaults:5 | Bought a potion of resistance for 130 gold pieces
 40413 | Vaults:5 | Bought a potion of haste for 130 gold pieces
 40420 | Vaults:5 | Found Erhutah's Distillery.
 40426 | Vaults:5 | Bought a potion of haste for 150 gold pieces
 40426 | Vaults:5 | Bought a potion of might for 60 gold pieces
 40426 | Vaults:5 | Bought 2 potions of haste for 300 gold pieces
 40449 | Vaults:5 | Got a silver rune of Zot
 40545 | Vaults:5 | Noticed a golden dragon
 40549 | Vaults:5 | Killed a golden dragon
 40550 | Vaults:5 | Reached skill level 16 in Shields
 40570 | Vaults:5 | Got the Handbook of Noxious Air
 40668 | Vaults:5 | Identified the +1 pair of boots of Yssog {rN+}
 40670 | Vaults:5 | Identified the +4 whip "Aleidd" {chaos, rF+}
 40672 | Vaults:5 | Identified the +7 chain mail of Gallantry {rPois Regen+
                  | Int+2}
 40931 | Vaults:5 | Lost mutation: You have a pair of horns on your head.
                  | [Jiyva's grace]
 40931 | Vaults:5 | Lost mutation: You are completely covered in iridescent
                  | scales. (AC +6) [Jiyva's grace]
 40931 | Vaults:5 | Lost mutation: Your melee attacks may engulf your foes in
                  | ooze. [Jiyva's grace]
 40931 | Vaults:5 | Gained mutation: You are strong-willed. (Will+) [Jiyva's
                  | grace]
 40931 | Vaults:5 | Gained mutation: You are highly strong-willed. (Will++)
                  | [Jiyva's grace]
 40931 | Vaults:5 | Gained mutation: You are extremely strong-willed. (Will+++)
                  | [Jiyva's grace]
 40931 | Vaults:5 | Gained mutation: Your translucent skin slightly reduces
                  | your foes' accuracy. (Stealth+) [Jiyva's grace]
 41278 | Vaults:5 | Got the Almanac of the Unstable Traveller
 41280 | Vaults:5 | Got Raxanuj's Incunabulum of Ice
 41603 | Vaults:5 | Identified the +7 plate armour of Ufufosawk {Rampage rF-
                  | Will+++ Int-4}
 41710 | Vaults:5 | Identified the +7 plate armour of Wuatur {Will+}
 41901 | Depths:1 | Entered Level 1 of the Depths
 42094 | Depths:1 | Acquired a manual of Shields
 42127 | Depths:1 | Found a one-way gateway to a ziggurat.
 42142 | Depths:1 | Reached XP level 23. HP: 138/138 MP: 40/42
 42178 | Depths:1 | Found a gateway to Hell.
 42329 | Depths:1 | Identified the +4 spear of the Magic Mushroom {vorpal,
                  | rF++}
 42673 | Depths:1 | Found a runed translucent door.
 42738 | Depths:1 | Reached skill level 17 in Shields
 43205 | Depths:2 | Found a bloodstained altar of Trog.
 43808 | Depths:2 | Reached skill level 5 in Dodging
 43906 | Depths:2 | Noticed the Enchantress
 43990 | Depths:2 | Killed the Enchantress
 44383 | Depths:2 | Reached skill level 18 in Shields
 44824 | Depths:3 | Lost mutation: You are mostly covered in iridescent scales.
                  | (AC +4) [Jiyva's grace]
 44824 | Depths:3 | Lost mutation: You are agile. (Dex +2) [Jiyva's grace]
 44824 | Depths:3 | Lost mutation: You are extremely strong-willed. (Will+++)
                  | [Jiyva's grace]
 44824 | Depths:3 | Lost mutation: Your translucent skin slightly reduces your
                  | foes' accuracy. (Stealth+) [Jiyva's grace]
 44824 | Depths:3 | Gained mutation: Your muscles are strong. (Str +2) [Jiyva's
                  | grace]
 44824 | Depths:3 | Gained mutation: Your muscles are very strong. (Str +4)
                  | [Jiyva's grace]
 44824 | Depths:3 | Gained mutation: You are somewhat resistant to further
                  | mutation. [Jiyva's grace]
 44824 | Depths:3 | Gained mutation: You are somewhat resistant to both further
                  | mutation and mutation removal. [Jiyva's grace]
 44910 | Depths:3 | Noticed a juggernaut
 44928 | Depths:3 | Killed a juggernaut
 44967 | Depths:3 | Reached skill level 15 in Spellcasting
 45082 | Depths:3 | Noticed a caustic shrike
 45097 | Depths:3 | Killed a caustic shrike
 45160 | Depths:3 | Reached XP level 24. HP: 125/145 MP: 38/43
 45205 | Depths:3 | Noticed Louise
 45216 | Depths:3 | Killed Louise
 45537 | Depths:3 | Reached skill level 19 in Shields
 45990 | Depths:3 | Identified the ring of Tygosy Rifu {Fly rN+ Int+4}
 46125 | Depths:4 | Entered Level 4 of the Depths
 46133 | Depths:4 | Found a shimmering blue altar of Sif Muna.
 46470 | Depths:4 | Found a gate to the Realm of Zot.
 46631 | Depths:4 | Noticed Boris
 46651 | Depths:4 | Killed Boris
 46832 | Depths:4 | Found a magical portal.
 46889 | Depths:4 | Lost mutation: Your muscles are very strong. (Str +4)
                  | [Jiyva's grace]
 46889 | Depths:4 | Gained mutation: You have a small jelly attached to you
                  | that senses nearby items. [Jiyva's grace]
 46889 | Depths:4 | Gained mutation: You have sharp fingernails. [Jiyva's
                  | grace]
 46889 | Depths:4 | Gained mutation: You have very sharp fingernails. [Jiyva's
                  | grace]
 46889 | Depths:4 | Gained mutation: You have claws for hands. [Jiyva's grace]
 47299 | Depths:3 | Voluntarily entered the Abyss.
 47890 | Abyss:4  | Lost mutation: You have a pair of small horns on your head.
                  | [Jiyva's grace]
 47890 | Abyss:4  | Gained mutation: Your rubbery body absorbs attacks. (AC +1,
                  | EV +1) [Jiyva's grace]
 47890 | Abyss:4  | Gained mutation: Your pliable body absorbs attacks. (AC +2,
                  | EV +2) [Jiyva's grace]
 47890 | Abyss:4  | Gained mutation: Your gelatinous body deflects attacks. (AC
                  | +3, EV +3) [Jiyva's grace]
 47890 | Abyss:4  | Gained mutation: Your spells are a little harder to cast,
                  | but a little more powerful. [Jiyva's grace]
 48583 | Abyss:4  | Reached XP level 25. HP: 134/151 MP: 44/44
 49092 | Abyss:4  | Got an abyssal rune of Zot
 49146 | Depths:3 | Escaped the Abyss
 49201 | Depths:3 | Reached skill level 20 in Shields
 49234 | Zot:1    | Entered Level 1 of the Realm of Zot
 49807 | Zot:1    | Lost mutation: You have claws for hands. [Jiyva's grace]
 49807 | Zot:1    | Lost mutation: You possess an exceptional clarity of mind.
                  | [Jiyva's grace]
 49807 | Zot:1    | Lost mutation: You are highly strong-willed. (Will++)
                  | [Jiyva's grace]
 49807 | Zot:1    | Lost mutation: Your muscles are strong. (Str +2) [Jiyva's
                  | grace]
 49807 | Zot:1    | Lost mutation: Your spells are a little harder to cast, but
                  | a little more powerful. [Jiyva's grace]
 49807 | Zot:1    | Lost mutation: You are somewhat resistant to both further
                  | mutation and mutation removal. [Jiyva's grace]
 49807 | Zot:1    | Lost mutation: You are somewhat resistant to further
                  | mutation. [Jiyva's grace]
 49807 | Zot:1    | Gained mutation: You have hidden genetic potential.
                  | [Jiyva's grace]
 49807 | Zot:1    | Gained mutation: You have great hidden genetic potential.
                  | [Jiyva's grace]
 49807 | Zot:1    | Gained mutation: You are mostly covered in iridescent
                  | scales. (AC +4) [Jiyva's grace]
 49807 | Zot:1    | Gained mutation: You are completely covered in iridescent
                  | scales. (AC +6) [Jiyva's grace]
 50362 | Zot:1    | Found Hycur's CLEARANCE SALE!.
 50548 | Zot:2    | Noticed an orb of fire
 50558 | Zot:2    | Noticed a shard shrike
 50564 | Zot:2    | Killed an orb of fire
 50573 | Zot:2    | Killed a shard shrike
 51561 | Zot:2    | Identified the +5 chain mail of Plog {SInv}
 51651 | Zot:2    | Reached skill level 21 in Shields
 51706 | Zot:2    | Noticed a shard shrike
 51716 | Zot:2    | Killed a shard shrike
 51717 | Zot:2    | Reached XP level 26. HP: 139/156 MP: 39/46
 51758 | Zot:2    | Noticed a shard shrike
 51773 | Zot:2    | Killed a shard shrike
 52139 | Zot:3    | Lost mutation: You have very sharp fingernails. [Jiyva's
                  | grace]
 52139 | Zot:3    | Lost mutation: You are completely covered in iridescent
                  | scales. (AC +6) [Jiyva's grace]
 52139 | Zot:3    | Lost mutation: Armour fits poorly on your pseudopods.
                  | [Jiyva's grace]
 52139 | Zot:3    | Lost mutation: You have great hidden genetic potential.
                  | [Jiyva's grace]
 52139 | Zot:3    | Lost mutation: You have a small jelly attached to you that
                  | senses nearby items. [Jiyva's grace]
 52139 | Zot:3    | Gained mutation: You possess an exceptional clarity of
                  | mind. [Jiyva's grace]
 52139 | Zot:3    | Gained mutation: You are highly strong-willed. (Will++)
                  | [Jiyva's grace]
 52139 | Zot:3    | Gained mutation: You are extremely strong-willed. (Will+++)
                  | [Jiyva's grace]
 52139 | Zot:3    | Gained mutation: You expend magic power (3 MP) to
                  | strengthen your wands. [Jiyva's grace]
 52978 | Zot:4    | Gained mutation: You are frail. (-10% HP) [mutagenic glow]
 53000 | Zot:4    | Lost mutation: You possess an exceptional clarity of mind.
                  | [mutagenic glow]
 53023 | Zot:4    | Gained mutation: You are weak. (Str -2) [mutagenic glow]
 53034 | Zot:4    | Gained mutation: You tend to lose your temper in combat.
                  | [mutagenic glow]
 53184 | Zot:4    | Lost mutation: You are frail. (-10% HP) [hidden potential]
 53375 | Zot:4    | Reached skill level 22 in Shields
 53581 | Zot:4    | Lost mutation: You are weak. (Str -2) [potion of mutation]
 53581 | Zot:4    | Lost mutation: Your gelatinous body deflects attacks. (AC
                  | +3, EV +3) [potion of mutation]
 53581 | Zot:4    | Lost mutation: You have sharp toenails. [potion of
                  | mutation]
 53581 | Zot:4    | Lost mutation: You are mostly covered in iridescent scales.
                  | (AC +4) [potion of mutation]
 53581 | Zot:4    | Gained mutation: You often lose your temper in combat.
                  | [potion of mutation]
 53582 | Zot:4    | Lost mutation: Your pliable body absorbs attacks. (AC +2,
                  | EV +2) [potion of mutation]
 53582 | Zot:4    | Lost mutation: You are extremely strong-willed. (Will+++)
                  | [potion of mutation]
 53582 | Zot:4    | Lost mutation: You are partially covered in iridescent
                  | scales. (AC +2) [potion of mutation]
 53582 | Zot:4    | Gained mutation: You are extremely strong-willed. (Will+++)
                  | [potion of mutation]
 53583 | Zot:4    | Lost mutation: You expend magic power (3 MP) to strengthen
                  | your wands. [potion of mutation]
 53583 | Zot:4    | Lost mutation: You often lose your temper in combat.
                  | [potion of mutation]
 53583 | Zot:4    | Lost mutation: Your rubbery body absorbs attacks. (AC +1,
                  | EV +1) [potion of mutation]
 53583 | Zot:4    | Gained mutation: You have a pair of small horns on your
                  | head. [potion of mutation]
 53584 | Zot:4    | Lost mutation: You tend to lose your temper in combat.
                  | [potion of mutation]
 53584 | Zot:4    | Lost mutation: You have hidden genetic potential. [potion
                  | of mutation]
 53584 | Zot:4    | Lost mutation: You have a pair of small horns on your head.
                  | [potion of mutation]
 53584 | Zot:4    | Gained mutation: You occasionally shout uncontrollably at
                  | your foes. [potion of mutation]
 53584 | Zot:4    | Gained mutation: You are dopey. (Int -2) [potion of
                  | mutation]
 53584 | Zot:4    | Gained mutation: You possess an exceptional clarity of
                  | mind. [potion of mutation]
 54166 | Zot:4    | Noticed an orb of fire
 54196 | Zot:4    | Killed an orb of fire
 54551 | Zot:5    | Entered Level 5 of the Realm of Zot
 54831 | Zot:5    | Reached skill level 23 in Shields
 54921 | Zot:5    | Gained mutation: You are partially covered in iridescent
                  | scales. (AC +2) [Jiyva's grace]
 54921 | Zot:5    | Gained mutation: You are mostly covered in iridescent
                  | scales. (AC +4) [Jiyva's grace]
 54921 | Zot:5    | Gained mutation: You are completely covered in iridescent
                  | scales. (AC +6) [Jiyva's grace]
 54921 | Zot:5    | Gained mutation: You have large cloven feet. [Jiyva's
                  | grace]
 55134 | Zot:5    | Reached XP level 27. HP: 153/161 MP: 40/46
 55148 | Zot:5    | Noticed a dread lich
 55162 | Zot:5    | Noticed a dread lich
 55163 | Zot:5    | Killed a dread lich
 55167 | Zot:5    | Noticed a dread lich
 55167 | Zot:5    | Noticed a dread lich
 55169 | Zot:5    | Noticed an ancient lich
 55187 | Zot:5    | Killed an ancient lich
 55188 | Zot:5    | Noticed an orb of fire
 55201 | Zot:5    | Killed a dread lich
 55212 | Zot:5    | HP: 8/161 [Orb Guardian (16)]
 55225 | Zot:5    | Gained mutation: Armour fits poorly on your strangely
                  | shaped body. [an orb of fire]
 55510 | Zot:5    | Lost mutation: You possess an exceptional clarity of mind.
                  | [potion of mutation]
 55510 | Zot:5    | Lost mutation: You are completely covered in iridescent
                  | scales. (AC +6) [potion of mutation]
 55510 | Zot:5    | Lost mutation: You occasionally shout uncontrollably at
                  | your foes. [potion of mutation]
 55510 | Zot:5    | Lost mutation: You are dopey. (Int -2) [potion of mutation]
 55511 | Zot:5    | Lost mutation: You have large cloven feet. [potion of
                  | mutation]
 55511 | Zot:5    | Lost mutation: You are extremely strong-willed. (Will+++)
                  | [potion of mutation]
 55511 | Zot:5    | Gained mutation: You are completely covered in iridescent
                  | scales. (AC +6) [potion of mutation]
 55511 | Zot:5    | Gained mutation: You are agile. (Dex +2) [potion of
                  | mutation]
 55545 | Zot:5    | Noticed a dread lich
 55673 | Zot:4    | Killed an orb of fire
 55705 | Zot:5    | Reached skill level 24 in Shields
 55731 | Zot:5    | Killed a dread lich
 55765 | Zot:5    | Noticed an orb of fire
 55766 | Zot:5    | Noticed a dread lich
 55782 | Zot:4    | Killed a dread lich
 55819 | Zot:4    | Killed a dread lich
 55836 | Zot:4    | Killed a dread lich
 55868 | Zot:4    | Killed an orb of fire
 55881 | Zot:4    | Lost mutation: Armour fits poorly on your strangely shaped
                  | body. [potion of mutation]
 55881 | Zot:4    | Gained mutation: You have a pair of small horns on your
                  | head. [potion of mutation]
 55881 | Zot:4    | Gained mutation: You have a pair of horns on your head.
                  | [potion of mutation]
 56290 | Zot:5    | Reached skill level 25 in Shields
 56670 | Zot:5    | Got the Orb of Zot
 56882 | Zot:1    | Noticed Logiu the pandemonium lord
 56901 | Zot:1    | Killed Logiu the pandemonium lord
 57254 | D:13     | Noticed Amoptaar the pandemonium lord
 57645 | D:$      | Escaped with the Orb!

Illustrated notes

Levels and vault maps discovered:
D:1:      ldierk_walled_garden, layout_rooms, basic_ecumenical_altar,
          minmay_gold_behind_fungi, nrook_mini_vaults, minmay_pentomino_s4
D:2:      layout_rooms
D:3:      layout_rooms, kiku_gazebo_garden_becter, uniq_sigmund, uniq_robin
D:4:      layout_cave_pods, minmay_surrounded
D:5:      layout_basic, nicolae_ossuary_entry_ruins, uniq_blork_the_orc
D:6:      layout_gridville, uniq_maggie, uniq_menkaure, uniq_prince_ribbit1
D:7:      layout_basic, mainiacjoe_overflow_chevrons,
          minmay_temple_entry_mini_moons, serial_shops, nicolae_square_shop,
          uniq_pikel
D:8:      layout_layer_cave
D:9:      layout_irregular_city, nicolae_ashenzari_panopticon,
          nicolae_overflow_crystal_walls, dpeg_oklobed_lair, serial_shops,
          nicolae_square_shop
D:10:     layout_big_octagon, mainiacjoe_overflow_divided_tiny, orc_0_dummy,
          uniq_joseph
D:11:     layout_irregular_city
D:12:     layout_layer_cave, serial_shops, nicolae_inconvenience_store
D:13:     layout_cave_pools, uniq_azrael
D:14:     layout_loops_ring, david_vaults_1, serial_shops, nicolae_stop_n_shop_2
D:15:     grunt_enter_depths_magical_seal, layout_loops_ring, serial_shops,
          nicolae_shop_hallway_plus, glass_columns_a
Temple:   lightli_temple_of_artemis
Lair:1:   layout_regular_city
Lair:2:   layout_loops_ring, swamp_mist_pool, basic_altar,
          chequers_serial_rivers_micro_e, nicolae_lair_lil_pond
Lair:3:   nzn_winding_woodlands_three_and_one
          [nzn_winding_woodlands_5x15_crooked,
          nzn_winding_woodlands_5x15_pathside_ponds,
          nzn_winding_woodlands_5x15_split_checker,
          nzn_winding_woodlands_center_lodge], layout_chaotic_city,
          spider_nest_entry_webs, grunt_megastairs_5, infiniplex_staircase_pool,
          serial_bayou_shore_b, uniq_fannar
Lair:4:   layout_cellular_growth, minmay_holes, chequers_serial_rivers_micro_e,
          minivault_24
Lair:5:   layout_gridlike, slime_altar_1, enter_volcano_2, uniq_urug
Lair:6:   hellmonk_lair_end_abyssal_woods, layout_hall_layers,
          grunt_megastairs_3
Swamp:1:  layout_basic_swamp, portal_ice_cave_entry_pillars_1,
          serial_swamp_ruin, evilmike_swamp_ruin_house_4,
          evilmike_swamp_ruin_house_5, evilmike_swamp_ruin_rubble_1
Swamp:2:  layout_basic_swamp, evilmike_swamp_ruin_house_2, swamp_pool4
Swamp:3:  layout_basic_swamp, gammafunk_ghost_abyssal_escape,
          evilmike_swamp_ruin_rubble_2
Swamp:4:  swamp_vile, layout_basic_swamp, swamp_pool5, nicolae_swamp_spooky_pond
Spider:1: layout_spider_delve
Spider:2: layout_spider_delve
Spider:3: layout_spider_delve, worms_lemuel
Spider:4: spider_rune_water, nicolae_spider_twisty_arc_passages
Slime:1:  layout_caves, amcnicky_altar_lugonu_corruption
Slime:2:  layout_caves
Slime:3:  layout_caves
Slime:4:  layout_caves
Slime:5
Orc:1:    layout_diamond_mine, serial_shops, nicolae_shop_stone
Orc:2:    pf_orc_diabolical, layout_diamond_mine, hellmonk_bongcloud_opening
Elf:1:    minmay_elf_arrival_summoners, layout_gridlike,
          portal_desolation_entry_holy_temple, minmay_elf_demonology
Elf:2:    nicolae_elf_blades_splatter_lattice [grunt_blade_entry_basic],
          layout_geoelf_grid, minmay_shop_star, uniq_saint_roka
Elf:3:    grunt_elf_hall_branching, layout_gridlike
Vaults:1: nicolae_vaults_yaktaur_gun_rack, v_misc_33, grunt_vaults_trifunnel,
          vaults_standard_mumra_enter_the_diamond,
          nicolae_vaults_little_squares_1, hangedman_vaults_slice,
          nicolae_vaults_hallways_thing,
          vaults_standard_mumra_enter_the_diamond, vaults_room_semicircle,
          v_alt_pattern_3, v_misc_13, ontoclasm_vaults_gateway,
          nicolae_vaults_little_squares_1, nicolae_vaults_gold_heap,
          ontoclasm_vaults_twist, layout_vaults_ring, serial_shops, shop,
          nicolae_shop_temple_entry_statues_fountains, serial_glass
Vaults:2: v_alt_pattern_6, nicolae_vaults_little_squares_4, v_misc_11, v_misc_1,
          nicolae_vaults_circle_grid_a, nicolae_vaults_triangles,
          ontoclasm_vaults_pinch, nicolae_vaults_circle_grid_b,
          vaults_room_stairs_pillars, ontoclasm_vaults_idyll,
          vaults_room_semicircle, layout_vaults_quadrants
Vaults:3: vaults_room_hangedman_quadrants, v_misc_3,
          minmay_crypt_entry_simple_box, v_misc_15,
          nicolae_vaults_circle_grid_a, ontoclasm_vaults_hangar, v_misc_28,
          ontoclasm_vaults_bender, hangedman_vaults_impose, vaults_room_grid,
          nicolae_vaults_little_squares_4, ontoclasm_vaults_ring_small,
          v_misc_15, v_misc_27, layout_vaults_omnibox
Vaults:4: ontoclasm_vaults_ring_small, vaults_dpeg_ring, vaults_room_fours,
          not_door_vault_due, ontoclasm_vaults_decontamination,
          ontoclasm_vaults_fault, nicolae_vaults_ring_of_whatevers,
          grunt_vaults_twisty, v_misc_33, ontoclasm_vaults_loading_screen,
          hangedman_vaults_impose, hangedman_vaults_slice, v_misc_14,
          hangedman_vaults_cutoff, layout_vaults_maze, serial_shops,
          bzr_entry_safe
Vaults:5: uniq_mara
Depths:1: layout_gridlike, enter_ziggurat_e, hangedman_abyss_entry_splay,
          kennysheep_big_empty_room, grunt_mini_vestibule,
          lightli_giant_bouncers
Depths:2: spriggan_forest, hell_entry, abyss_entry, pan_entry
Depths:3: minmay_four_inscribed_fans, layout_honeycomb,
          chequers_hall_statues_corner_a, hell_entry,
          nicolae_abyss_entry_one_way_or_another, infiniplex_staircase_spiral,
          firewood_loft
Depths:4: grunt_zot_entry_tricorne, layout_long_grid,
          nicolae_sif_muna_condensation, infiniplex_enter_wizlab_glasses,
          hell_entry, uniq_boris
Zot:1:    layout_cathedral_of_symmetry, nicolae_shop_clearance
Zot:2:    minmay_elemental_castle, layout_cellular_growth,
          hangedman_elemental_grid_stream
Zot:3:    layout_twisted_circle
Zot:4:    layout_cathedral_of_symmetry, hangedman_zot_wheel_spokes
Zot:5:    layout_gridlike, grunt_megastairs_2

Skill      XL: |  1  2  3  4  5  6  7  8  9 10 11 12 13 14 15 16 17 18 19 20 21 22 23 24 25 26 27 |
---------------+----------------------------------------------------------------------------------+-----
Short Blades   | 2 3 4 5 7 8 10 12 13 14 | 14.0
Fighting       | 3 4 5 6 7 9 10 11 13 15 16 17 18 20 21 22 | 22.2
Shields        | 3 4 5 9 13 16 18 19 21 23 25 | 25.0
Armour         | 3 4 5 6 7 8 9 10 11 12 13 15 16 17 | 17.0
Dodging        | 2 4 6 9 |  9.2
Spellcasting   | 3 5 9 12 14 15 16 18 19 | 19.4
Stealth        | 6 12 15 17 18 19 21 | 21.8

Action                   |  1- 3 |  4- 6 |  7- 9 | 10-12 | 13-15 | 16-18 | 19-21 | 22-24 | 25-27 || total
-------------------------+-------+-------+-------+-------+-------+-------+-------+-------+-------++-------
Melee: Rapier            |    79 |    97 |   338 |   712 |       |       |       |       |       ||  1226
       Bite              |    24 |    26 |   164 |   518 |   724 |   788 |   555 |   977 |  1286 ||  5062
       Quick blade       |       |       |       |    57 |  1222 |  1479 |  1076 |  1634 |  2195 ||  7663
       Kick              |       |       |       |       |       |   235 |   533 |       |       ||   768
       Headbutt          |       |       |       |       |       |    36 |   360 |   515 |   125 ||  1036
       Pseudopods        |       |       |       |       |       |       |   140 |   582 |   271 ||   993
Throw: Throwing net      |       |       |       |       |       |     1 |       |       |       ||     1
Invok: Call Merchant     |       |       |       |     1 |     2 |     4 |       |       |       ||     7
       Potion Petition   |       |       |       |       |       |     1 |       |       |       ||     1
       Oozemancy         |       |       |       |       |       |       |       |       |     1 ||     1
Evoke: Wand              |       |       |       |       |       |       |       |     2 |     1 ||     3
  Use: Scroll            |       |     7 |     5 |    12 |    10 |     4 |     9 |     2 |    13 ||    62
       Potion            |       |       |     1 |       |     2 |     1 |     2 |     4 |    16 ||    26
 Stab: Distracted        |       |       |       |     2 |    10 |    14 |     5 |    10 |     6 ||    47
       Petrified         |       |       |       |       |     6 |       |       |       |       ||     6
       Sleeping          |       |       |       |       |    23 |    21 |    24 |    29 |    14 ||   111
       Petrifying        |       |       |       |       |     1 |       |       |       |       ||     1
       Held in net/web   |       |       |       |       |       |     1 |       |       |       ||     1
       Confused          |       |       |       |       |       |       |       |       |     1 ||     1
Armor: Scale mail        |    29 |    19 |    18 |       |       |       |       |       |       ||    66
       Plate armour      |       |       |   115 |   345 |   136 |       |       |       |       ||   596
       Shadow dragon sca |       |       |       |       |    88 |   407 |   260 |   303 |   125 ||  1183
       Gold dragon scale |       |       |       |       |       |       |       |       |   344 ||   344
       Skin              |       |       |       |       |       |       |       |       |     1 ||     1
Dodge: Dodged            |    36 |    34 |    78 |   166 |   226 |   667 |   321 |   421 |   362 ||  2311
Block: Buckler           |    15 |    33 |   103 |   194 |   143 |   323 |   177 |   386 |    10 ||  1384
       Tower shield      |       |       |       |       |       |       |       |       |  1037 ||  1037

Table legend: (Time is in decaauts)
 A = Elapsed time spent in this place.
 B = Non-inter-level travel time spent in this place.
 C = Inter-level travel time spent in this place.
 D = Time resting spent in this place.
 E = Time spent auto-exploring this place.
 F = Levels seen in this place.
 G = Mean time per level.
                   A        B        C        D        E       F      G
               +--------+--------+--------+--------+--------+-----+--------+
         Total |  52427 |  46989 |   5438 |   3150 |  31900 |  61 |  859.5 |
       Dungeon |  13138 |  11327 |   1811 |    553 |   8462 |  15 |  875.9 |
        Temple |    106 |     93 |     13 |      0 |     83 |   1 |  106.0 |
          Lair |   6778 |   6029 |    749 |    231 |   4469 |   6 | 1129.7 |
         Swamp |   2701 |   2533 |    168 |    155 |   1779 |   4 |  675.2 |
   Spider Nest |   2900 |   2745 |    155 |    339 |   1763 |   4 |  725.0 |
    Slime Pits |   1299 |   1019 |    280 |      0 |    862 |   5 |  259.8 |
  Orcish Mines |   1440 |   1249 |    191 |      0 |    914 |   2 |  720.0 |
   Elven Halls |   2703 |   2509 |    194 |    116 |   1687 |   3 |  901.0 |
        Vaults |   7641 |   6826 |    815 |    878 |   4246 |   5 | 1528.2 |
        Depths |   5043 |   4309 |    734 |     63 |   3127 |   4 | 1260.8 |
           Zot |   6563 |   6238 |    325 |    809 |   3672 |   5 | 1312.6 |
         Abyss |   1585 |   1585 |      0 |      4 |    488 |   5 |  317.0 |
        Bazaar |    105 |    105 |      0 |      0 |     96 |   1 |  105.0 |
       Ossuary |    419 |    419 |      0 |      0 |    250 |   1 |  419.0 |
               +--------+--------+--------+--------+--------+-----+--------+

Top non-repeatable levels by time:
Vaults:1: 1748 daAuts
Vaults:5: 1723 daAuts
Depths:2: 1695 daAuts
   Zot:4: 1655 daAuts
Vaults:4: 1548 daAuts
   Zot:5: 1457 daAuts
   Zot:1: 1385 daAuts
  Lair:3: 1378 daAuts
Depths:3: 1377 daAuts
Vaults:2: 1320 daAuts
Vaults:3: 1300 daAuts
     D:8: 1220 daAuts
  Lair:2: 1218 daAuts
   Zot:2: 1207 daAuts
    D:12: 1202 daAuts
